 Dungeon Crawl Stone Soup version 0.25-a0-713-g4845790 (webtiles) character file.

Game seed: 14334572033830188822, levelgen mode: deterministic

90 BlueFish the Grave Robber (level 4, -1/31 HPs)
             Began as a Mummy Necromancer on Apr 5, 2020.
             Slain by a gnoll
             ... wielding a +0 club
              (9 damage)
             ... on level 3 of the Dungeon.
             The game lasted 00:06:36 (2588 turns).

BlueFish the Grave Robber (Mummy Necromancer)       Turns: 2588, Time: 00:06:36

Health: -1/31      AC:  3    Str: 11    XL:     4   Next: 32%
Magic:  1/9        EV: 12    Int: 15    God:
Gold:   232        SH:  0    Dex: 12    Spells: 5/10 levels left

rFire    x . .     SeeInvis .   d - +1 spear
rCold    + . .     Gourm    .   (no shield)
rNeg     + + +     Faith    .   a - +0 robe
rPois    ∞         Spirit   .   j - +0 helmet
rElec    .         Reflect  .   (no cloak)
rCorr    .         Harm     .   (no gloves)
MR       .....                  (no boots)
Stlth    ++........             (no amulet)
HPRegen  0.10/turn              (no ring)
MPRegen  0.11/turn              (no ring)

@: no status effects
A: no food or potions, fire vulnerability, cold resistance 1, negative energy
resistance 3, torment resistance, unbreathing
a: no special abilities


You were on level 3 of the Dungeon.
You were not hungry.

You visited 1 branch of the dungeon, and saw 3 of its levels.

You collected 232 gold pieces.

Inventory:

Hand Weapons
 d - a +1 spear (weapon)
Armour
 a - a +0 robe (worn)
 j - a +0 helmet (worn)
Scrolls
 b - 2 scrolls of enchant weapon
 e - a scroll of enchant armour
 f - a scroll of fog
 g - a scroll of blinking {unknown}
 i - 3 scrolls of remove curse
 k - a scroll of noise {unknown}
 l - a scroll of immolation {unknown}


   Skills:
 * Level 0.9 Fighting
 * Level 0.4 Polearms
 + Level 1.6 Dodging
 * Level 2.0 Stealth
 + Level 3.8 Spellcasting
 * Level 4.8 Necromancy


You had 5 spell levels left.
You knew the following spells:

 Your Spells              Type           Power        Failure   Level  Hunger
a - Pain                  Necr           ###.         2%          1    N/A
b - Animate Skeleton      Necr           N/A          2%          1    N/A
c - Vampiric Draining     Necr           ###.......   8%          3    N/A

Your spell library contained the following spells:

 Spells                   Type           Power        Failure   Level  Hunger
 Animate Dead             Necr           N/A          26%         4    N/A
 Agony                    Necr           ###.....     56%         5    N/A

Dungeon Overview and Level Annotations

Branches:
Dungeon (3/15)

Altars:
The Shining One


Innate Abilities, Weirdness & Mutations

You do not eat or drink.
Your flesh is vulnerable to fire.
You are immune to poison.
Your flesh is cold resistant. (rC+)
You are immune to negative energy. (rN+++)
You are immune to unholy pain and torment.
You can survive without breathing.


Message History

You kill the gnoll!
You hit the gnoll.
The gnoll is moderately wounded.
The gnoll hits you with a +0 club!
* * * LOW HITPOINT WARNING * * *
You closely miss the gnoll.
The gnoll is moderately wounded.
The gnoll hits you with a +0 club.
* * * LOW HITPOINT WARNING * * *
You can't drink.
Okay, then.
Found 18 stones.
Casting: Pain (safe; 2% risk of failure)
Confirm with . or Enter, or press ? or * to list all spells.
Aiming: Vampiric Draining (safe; 8% risk of failure)
Press: ? - help, Shift-Dir - straight line, f - gnoll
Aim: a gnoll, wielding a +0 club (moderately wounded)
The gnoll is almost dead.
You feel life coursing into your body. The gnoll hits you with a +0 club!
You die...

#. #. ... #. #.# # #. .#
.... #.##.###.#. .##....
.. ........#. .#..... ..
..#.# #... ....... ..
#.#.# #...####....... >.
#.#.# #............ [.#
#####.#.######.##.###...
#†# ####........@g.......#
#.###....##........##.####
...)..#####........##.#
...#### #........##.#
....### #........##.#
##....## #........##.#
..!....## ###.#######.#
........# #.## .(.
........#####..#


You could see a gnoll.

Vanquished Creatures
  A gnoll (D:3)
  An adder (D:2)
  2 oozes (D:2)
  A worm (D:3)
  3 leopard geckos
  3 bats (D:2)
  3 giant cockroaches
  5 goblins
  8 hobgoblins
  6 kobolds
  2 quokkas
  4 frilled lizards
  10 rats
49 creatures vanquished.

Vanquished Creatures (collateral kills)
  A worm (D:3)
  A leopard gecko (D:1)
  A bat (D:2)
  A rat (D:2)
4 creatures vanquished.

Grand Total: 53 creatures vanquished

Notes
Turn   | Place    | Note
-------+----------+-------------------------------------------
     0 | D:1      | BlueFish the Mummy Necromancer began the quest for the Orb.
     0 | D:1      | Reached XP level 1. HP: 13/13 MP: 4/4
     2 | D:1      | Learned a level 1 spell: Animate Skeleton
   193 | D:1      | Reached XP level 2. HP: 20/20 MP: 1/5
  1293 | D:2      | Reached XP level 3. HP: 25/25 MP: 5/8
  1298 | D:2      | Learned a level 3 spell: Vampiric Draining
  1454 | D:2      | Found a glowing golden altar of the Shining One.
  2254 | D:2      | Reached XP level 4. HP: 31/31 MP: 6/9
  2559 | D:3      | HP: 1/31 [gnoll/+0 club (5)]
  2588 | D:3      | Slain by a gnoll

Levels and vault maps discovered:
D:1:      eino_arrival_tree_alley, layout_basic
D:2:      minmay_razor_zed, layout_basic, first_ration,
          kennysheep_cross_bottleneck, tso_metal_star
D:3:      layout_rooms, uniq_natasha

Skill      XL: |  1  2  3 |
---------------+----------+-----
Spellcasting   | 3 |  3.8
Stealth        | 2 |  2.0
Fighting       | |  0.9
Polearms       | |  0.4
Dodging        | |  1.6
Necromancy     | |  4.8

Action                   |  1- 3 |  4- 6 || total
-------------------------+-------+-------++-------
Melee: Spear             |    54 |     8 ||    62
 Cast: Pain              |    53 |    18 ||    71
       Animate Skeleton  |    23 |     2 ||    25
       Vampiric Draining |     1 |     1 ||     2
  Use: Scroll            |       |     4 ||     4
 Stab: Sleeping          |     7 |       ||     7
Armor: Robe              |    12 |       ||    12
Dodge: Dodged            |    36 |     3 ||    39

Table legend:
 A = Non-vault XP
 B = Vault XP
 C = Vault XP percentage of total XP
 D = Non-vault monster count
 E = Vault monster count
 F = Vault count percentage of total count
                 A         B        C        D         E       F
            +---------+---------+-------+---------+---------+-------
      Total |      92 |      37 |  28.7 |      41 |      12 |  22.6
            +---------+---------+-------+---------+---------+-------
        D:1 |      29 |       0 |   0.0 |      18 |       0 |   0.0
        D:2 |      33 |      37 |  52.9 |      17 |      12 |  41.4
        D:3 |      30 |       0 |   0.0 |       6 |       0 |   0.0
            +---------+---------+-------+---------+---------+-------
